AoeStats
← YouPotato

Arena

503949246Analyzed
1v1 RM · 2mo ago on Sep 3, 2026· 35m 49s· 2 players
Game mode
Random Map
Map size
Tiny (2 player)
Population
200
Speed
Normal
Resources
Standard
Victory
Conquest
Starting age
Dark Age
Ending age
Imperial Age
RankedLock teamsTeams togetherTeam positionsShared explorationLock speedFull tech treeHidden civsTurbo modeCheats
Victory
Defeat
🇺🇸 Spanish · United States
929
+17
vs
🇨🇴 Lithuanians · Colombia
952
-17
YouPotato
2:54 Loom
10:14 Feudal Age
10:49 Double-Bit Axe
11:32 Gold Mining
11:50 Horse Collar
13:05 Wheelbarrow
19:30 Castle Age
17:56 Fletching
20:35 Bow Saw
20:45 Heavy Plow
20:54 Bodkin Arrow
24:23 Bloodlines
24:14 Husbandry
25:06 Husbandry
25:40 Forging
27:09 Light Cavalry
30:34 Imperial Age
30:48 Iron Casting
Jason
10:21 Feudal Age
12:27 Town Watch
16:02 Castle Age
14:17 Double-Bit Axe
15:40 Arson
16:20 Forging
16:43 Scale Mail Armor
16:54 Man-at-Arms
18:32 Loom
20:20 Long Swordsman
23:07 Town Patrol
23:51 Wheelbarrow
23:33 Bow Saw
23:47 Horse Collar
24:41 Gold Mining
30:55 Imperial Age
28:35 Stone Mining
29:41 Fletching
30:07 Masonry
30:30 Chain Mail Armor
31:42 Ballistics
32:28 Iron Casting
32:13 Hand Cart
32:33 Squires
33:00 Pikeman
Connection lost

Rejoining the realm…

Still unreachable

The connection could not be restored.

Session expired

The server has moved on; the page needs a fresh start.